 Dungeon Crawl Stone Soup version 0.29.1-15-g9cfb28693d (webtiles) character file.

Game seed: 154863779960035982

114 Eryximachus the Changer (level 4, 0/28 HPs)
             Began as an Octopode Transmuter on Apr 24, 2023.
             Slain by an orc
             ... wielding a +0 hand axe
              (1 damage)
             ... on level 2 of the Dungeon.
             The game lasted 00:08:11 (4887 turns).

Eryximachus the Changer (Octopode Transmuter)       Turns: 4887, Time: 00:08:11

Health: 0/28       AC:  1    Str:  9    XL:     4   Next: 97%
Magic:  6/8        EV: 13    Int: 17    God:
Gold:   203        SH:  0    Dex: 12    Spells: 2/8 levels left

rFire   . . .      SeeInvis .     - Unarmed
rCold   . . .      Faith    .   (no shield)
rNeg    . . .      Spirit   .   (helmet restricted)
rPois   .          Reflect  .   (no amulet)
rElec   .          Harm     .   (no ring)
rCorr   .          Rampage  .   (no ring)
Will    .....                   (no ring)
Stlth   ++........              (no ring)
HPRegen 0.09/turn               (no ring)
MPRegen 0.11/turn               (no ring)
                                (no ring)
                                (no ring)

@: no status effects
A: almost no armour, amphibious, 8 rings, camouflage 1, gelatinous body 1,
(nimble swimmer 1), tentacles
a: no special abilities


You were on level 2 of the Dungeon.
You visited 1 branch of the dungeon, and saw 3 of its levels.

You collected 203 gold pieces.


Innate Abilities, Weirdness & Mutations

You cannot wear most types of armour.
You are amphibious.
You can wear up to eight rings at the same time.
Your skin changes colour to match your surroundings (Stealth+).
Your rubbery body absorbs attacks. (AC +1, EV +1)
((You are camouflaged when in or above water. (Stealth+)))
You have tentacles for arms and can constrict up to eight enemies at once.


   Skills:
 - Level 1.0 Fighting
 - Level 2.0 Dodging
 - Level 3.0 Unarmed Combat
 + Level 2.7 Spellcasting
 * Level 2.1 Conjurations
 + Level 1.0 Summonings
 * Level 3.4 Transmutations


You had 2 spell levels left.
You knew the following spells:

 Your Spells              Type           Power      Damage    Failure   Level
b - Beastly Appendage     Tmut           28%        N/A       4%          1
c - Call Imp              Summ           5%         N/A       17%         2
m - Magic Dart            Conj           36%        1d4       8%          1
w - Wereblood             Tmut           14%        N/A       7%          2

Your spell library contained the following spells:

 Spells                   Type           Power      Damage    Failure   Level
 Spider Form              Tmut/Pois      8%         N/A       26%         3
 Mephitic Cloud           Conj/Pois/Air  4%         N/A       38%         3
 Ice Form                 Ice/Tmut       8%         N/A       65%         4

Inventory:

Missiles
 j - 25 stones
Magical Staves
 e - a staff of conjuration {!a}
Jewellery
 E - a +4 ring of evasion
Wands
 q - a wand of digging (5)
 v - a wand of charming (10)
Scrolls
 b - 2 scrolls of teleportation {unknown}
 c - 4 scrolls of identify {unknown}
 d - 3 scrolls of amnesia {unknown}
 f - 5 scrolls of blinking {unknown}
 g - a scroll of immolation {unknown}
 i - a scroll of poison {unknown}
 k - 3 scrolls of fog {unknown}
 l - a scroll of magic mapping {unknown}
 m - a scroll of brand weapon {unknown}
 o - a scroll of vulnerability {unknown}
 p - 2 scrolls of enchant armour {unknown}
Potions
 a - 2 potions of lignification
 h - a potion of curing {unknown}
 n - 2 potions of might {unknown}
 r - a potion of degeneration {unknown}
 s - a potion of haste {unknown}
 t - a potion of mutation {unknown}
 u - a potion of brilliance {unknown}

Dungeon Overview and Level Annotations

Branches:
Dungeon (3/15)

Altars:

Shops:
D:1

( ######### #.# #.##.......
........# #.# #.##.#####.
#######.# #.# #.##.### #. #.# #.#
#......# #. #.# #.# ####..## #.
#.###.#############...# #.
#.#..................## #.
#######.###.....#########.######.
................@o.....5........[
#######............#.####.######.
#..........#....##.#.# #.# #.
#..........#....##.#.# #.# #.
#..........#######.#.# #.# #.
#..........#######.#.# #.# #.
................##.#.# #.# #####
#...............##.#.####.###.#.#
#####.#####...................#..


You could see an orc (ally target) and a friendly crimson imp (summoned).


Message History

Your crimson imp hits the rat.
The rat dies!
The orc hits you with a +0 hand axe.
The orc hits your crimson imp with a +0 hand axe.
You climb upwards.
There is a stone staircase leading down here.
The orc hits you with a +0 hand axe!
* * * LOW HITPOINT WARNING * * *
The orc attacks as you move away! The orc barely misses you.
Casting: Call Imp (safe; 17% risk of failure)
Confirm with . or Enter, or press ? or * to list all spells.
A beastly little devil appears in a puff of flame.
The orc misses you.
Your crimson imp barely misses the orc.
You see here a +0 ring mail.
The orc attacks as you move away! The orc hits you with a +0 hand axe.
* * * LOW HITPOINT WARNING * * *
The orc hits your crimson imp with a +0 hand axe.
The orc attacks as you move away! The orc closely misses you.
The orc attacks as you move away! The orc hits you with a +0 hand axe.
* * * LOW HITPOINT WARNING * * *
The orc hits your crimson imp with a +0 hand axe.
The orc attacks as you move away! The orc misses you.
The orc attacks as you move away! The orc barely misses you.
The orc attacks as you move away! The orc hits you with a +0 hand axe.
* * * LOW HITPOINT WARNING * * *
The orc attacks as you move away! The orc barely misses you.
The orc attacks as you move away! The orc misses you.
The orc attacks as you move away! The orc hits you with a +0 hand axe.
You die...

Skill      XL: |  1  2  3  4 |
---------------+-------------+-----
Conjurations   | 1 2 |  2.1
Transmutations | 3 |  3.4
Summonings     | 1 |  1.0
Fighting       | |  1.0
Dodging        | |  2.0
Unarmed Combat | |  3.0
Spellcasting   | |  2.7

Action                   |  1- 3 |  4- 6 || total
-------------------------+-------+-------++-------
Melee: Unarmed           |    94 |    27 ||   121
       Constrict         |    26 |     8 ||    34
       Kick              |     3 |       ||     3
       Tentacles         |    18 |     6 ||    24
       Punch             |     1 |     1 ||     2
 Cast: Beastly Appendage |     2 |       ||     2
       Magic Dart        |    10 |     7 ||    17
       Call Imp          |     1 |     5 ||     6
 Stab: Sleeping          |     5 |     2 ||     7
Armor: Skin              |     5 |     1 ||     6
Dodge: Dodged            |    55 |    19 ||    74

Levels and vault maps discovered:
D:1:      minmay_arrival_four_loops, layout_basic, serial_shops, shop,
          minmay_pentomino_z2
D:2:      layout_basic, minmay_misc_feat_alley
D:3:      layout_basic, lightli_temple_of_fire, kennysheep_generic_room_3,
          uniq_terence

Notes
Turn   | Place    | Note
-------+----------+-------------------------------------------
     0 | D:1      | Eryximachus the Octopode Transmuter began the quest for the
                  | Orb.
     0 | D:1      | Reached XP level 1. HP: 13/13 MP: 3/3
   712 | D:1      | Learned a level 1 spell: Magic Dart
   755 | D:1      | Reached XP level 2. HP: 18/18 MP: 5/5
   758 | D:1      | Learned a level 2 spell: Wereblood
  1279 | D:1      | Found Joanaatz's Antique Weapon Emporium.
  1586 | D:1      | Reached skill level 1 in Conjurations
  1733 | D:1      | Reached XP level 3. HP: 22/23 MP: 6/6
  1736 | D:1      | Learned a level 2 spell: Call Imp
  2641 | D:2      | Reached skill level 3 in Transmutations
  3477 | D:2      | Reached XP level 4. HP: 25/28 MP: 7/7
  4024 | D:3      | Noticed Terence
  4180 | D:3      | Killed Terence
  4181 | D:3      | Reached skill level 2 in Conjurations
  4181 | D:3      | Reached skill level 1 in Summonings
  4875 | D:2      | HP: 2/28 [orc/+0 hand axe (6)]
  4881 | D:2      | HP: 1/28 [orc/+0 hand axe (2)]
  4887 | D:2      | Slain by an orc

Vanquished Creatures
  2 adders
  A worm (D:3)
  2 dart slugs
  4 endoplasms
  6 giant cockroaches
  2 goblins
  6 hobgoblins
  8 jackals
  A quokka (D:3)
  8 ball pythons
  4 bats
  3 frilled lizards
  2 kobolds
  2 rats (D:2)
51 creatures vanquished.

Vanquished Creatures (collateral kills)
  Terence (D:3)
  An orc (D:3)
  A rat (D:3)
3 creatures vanquished.

Grand Total: 54 creatures vanquished

Table legend: (Time is in decaauts)
 A = Elapsed time spent in this place.
 B = Non-inter-level travel time spent in this place.
 C = Inter-level travel time spent in this place.
 D = Time resting spent in this place.
 E = Time spent auto-exploring this place.
 F = Levels seen in this place.
 G = Mean time per level.
                   A        B        C        D        E       F      G
               +--------+--------+--------+--------+--------+-----+--------+
         Total |   4880 |   4504 |    376 |   2005 |   2028 |   3 | 1626.7 |
       Dungeon |   4880 |   4504 |    376 |   2005 |   2028 |   3 | 1626.7 |
               +--------+--------+--------+--------+--------+-----+--------+

Top non-repeatable levels by time:
     D:1: 1940 daAuts
     D:2: 1697 daAuts
     D:3: 1242 daAuts

Table legend:
 A = Non-vault XP
 B = Vault XP
 C = Vault XP percentage of total XP
 D = Non-vault monster count
 E = Vault monster count
 F = Vault count percentage of total count
                 A         B        C        D         E       F
            +---------+---------+-------+---------+---------+-------
      Total |     120 |      43 |  26.4 |      50 |       4 |   7.4
            +---------+---------+-------+---------+---------+-------
        D:1 |      33 |       4 |  10.8 |      19 |       2 |   9.5
        D:2 |      47 |       0 |   0.0 |      20 |       0 |   0.0
        D:3 |      40 |      39 |  49.4 |      11 |       2 |  15.4
            +---------+---------+-------+---------+---------+-------
